 Dungeon Crawl Stone Soup version 0.20-a0-731-gecde0bf (webtiles) character file.

139 Gorglomux the Chiller (level 5, -6/28 HPs)
             Began as a Gargoyle Ice Elementalist on Feb 22, 2017.
             Mangled by Syneil's ghost (7 damage)
             ... on level 3 of the Dungeon.
             The game lasted 00:06:45 (2443 turns).

Gorglomux the Chiller (Gargoyle Ice Elementalist)   Turns: 2443, Time: 00:06:46

Health: -6/28      AC:  7    Str: 12    XL:     5   Next: 22%
Magic:  1/8        EV: 12    Int: 16    God:
Gold:   152        SH:  0    Dex: 10    Spells: 1/8 levels left

rFire    . . .     SeeInvis .   l - +0 mace
rCold    . . .     Gourm    .   a - +0 robe
rNeg     + + .     Faith    .   (no shield)
rPois    ∞         Spirit   .   (no helmet)
rElec    +         Reflect  .   T - +0 cloak
rCorr    .         Harm     .   (no gloves)
MR       .....                  (no boots)
Stlth    ++........             (no amulet)
Regen    0.1/turn               Y - ring of positive energy
MPRegen  0.2/turn               (no ring)

@: very slightly contaminated
A: negative energy resistance 1, electricity resistance, unbreathing,
petrification resistance, rot immunity, AC +4
a: no special abilities


You were on level 3 of the Dungeon.
You were near starving.

You visited 1 branch of the dungeon, and saw 3 of its levels.

You collected 152 gold pieces.

Inventory:

Hand Weapons
 d - a +0 hunting sling
 l - a +0 mace (weapon)
Missiles
 Z - a throwing net (quivered)
Armour
 a - a +0 robe (worn)
 T - a +0 cloak (worn)
Jewellery
 Y - a ring of positive energy (right hand)
Scrolls
 i - a scroll of magic mapping {unknown}
 r - a scroll of amnesia {unknown}
 s - a scroll of enchant armour {unknown}
 u - a scroll of random uselessness {unknown}
 V - a scroll of fog {unknown}
Potions
 g - 2 potions of brilliance
 n - a potion of ambrosia
 o - a potion of mutation {unknown}
 q - 2 potions of curing
 W - 2 potions of agility
 X - a potion of lignification {unknown}
Books
 b - a book of Frost

   Spells                             Type                      Level
   a - Freeze                         Ice                          1
   b - Throw Frost                    Conjuration/Ice              2
   c - Ozocubu's Armour               Charms/Ice                   3
   d - Throw Icicle                   Conjuration/Ice              4
   e - Summon Ice Beast               Ice/Summoning                4
Comestibles
 c - 4 bread rations
 k - 2 royal jellies
 p - a meat ration


   Skills:
 - Level 1.5 Dodging
 - Level 2.1 Stealth
 - Level 2.0 Spellcasting
 - Level 1.1 Conjurations
 + Level 2.0 Summonings
 - Level 5.1 Ice Magic


You had one spell level left.
You knew the following spells:

 Your Spells              Type           Power        Failure   Level  Hunger
a - Freeze                Ice            ###.         2%          1    #......
b - Throw Frost           Conj/Ice       ##....       10%         2    ###....
c - Summon Ice Beast      Ice/Summ       ##......     50%         4    #####..


Dungeon Overview and Level Annotations

Branches:
Dungeon (3/15)

Altars:
Qazlal

Annotations:
D:3 Syneil's ghost, amateur GrMo


Innate Abilities, Weirdness & Mutations

You are resistant to torment.
Your stone body is resilient. (AC +4)
You are immune to poison.
You resist negative energy. (rN+)
You are resistant to electric shocks. (rElec)
You can survive without breathing.
You are immune to petrification.
You are immune to rotting.


Message History

A chill wind blows around you.
You are near starving!
You hit Syneil's ghost but do no damage.
Syneil's ghost hits you but does no damage.
Your ice beast hits Syneil's ghost but does no damage.
You barely miss Syneil's ghost. Syneil's ghost hits you!
* * * LOW HITPOINT WARNING * * *
Your ice beast misses Syneil's ghost.
Syneil's ghost hits you.
* * * LOW HITPOINT WARNING * * *
Your ice beast hits Syneil's ghost.
Your ice beast freezes Syneil's ghost!
There is a stone staircase leading up here.
Your ice beast misses Syneil's ghost.
Syneil's ghost hits you!
* * * LOW HITPOINT WARNING * * *
Your ice beast barely misses Syneil's ghost.
Your ice beast closely misses Syneil's ghost.
Okay, then.
Okay, then.
Syneil's ghost hits you!
You die...

.....###...... ..
#.#.....####. .#
#.....######. .#
#....W.).. .. .#
###..####### #. .#
##.[.(# #. .# #..##.#
#.######.###.###.#
#......@..#..# #.#
##(...W.....## #.#
#.)..Y...### #.#
#...)....# ####.####
#........# #.......#
#........# #.......#
###..<.....###.......#
.......................#
.####........###(......#


You could see Syneil's ghost and a friendly ice beast.

Vanquished Creatures
  Robin (D:2)
  4 adders (D:2)
  An ooze (D:1)
  4 dart slugs
  2 leopard geckos (D:1)
  6 bats
  3 giant cockroaches
  10 goblins
  12 hobgoblins
  3 kobolds
  4 ball pythons
  4 frilled lizards
  3 rats
57 creatures vanquished.

Vanquished Creatures (collateral kills)
  Crazy Yiuf (D:2)
1 creature vanquished.

Grand Total: 58 creatures vanquished

Notes
Turn   | Place    | Note
-------+----------+-------------------------------------------
     0 | D:1      | Gorglomux the Gargoyle Ice Elementalist began the quest for the Orb.
     0 | D:1      | Reached XP level 1. HP: 10/10 MP: 3/3
   171 | D:1      | Reached XP level 2. HP: 6/15 MP: 0/5
   423 | D:1      | Learned a level 2 spell: Throw Frost
   587 | D:1      | Reached skill level 4 in Ice Magic
   724 | D:1      | Reached XP level 3. HP: 12/19 MP: 6/6
  1088 | D:2      | Reached XP level 4. HP: 24/24 MP: 3/7
  1094 | D:2      | Learned a level 4 spell: Summon Ice Beast
  1228 | D:2      | Reached skill level 5 in Ice Magic
  1239 | D:2      | Noticed Robin
  1569 | D:2      | Found a runed door.
  1628 | D:2      | Found a stormy altar of Qazlal.
  1630 | D:2      | Noticed a fire elemental
  1631 | D:2      | Noticed an earth elemental
  1631 | D:2      | Noticed an air elemental
  1631 | D:2      | Noticed a water elemental
  1668 | D:2      | Killed Robin
  1949 | D:2      | Reached skill level 1 in Summonings
  2248 | D:2      | Noticed Crazy Yiuf
  2254 | D:2      | Killed Crazy Yiuf
  2254 | D:2      | Reached XP level 5. HP: 21/28 MP: 1/8
  2393 | D:3      | Noticed Syneil's ghost (amateur GrMo)
  2438 | D:3      | HP: 1/28 [Syneil's ghost (7)]
  2443 | D:3      | Mangled by Syneil's ghost

Vault maps used:
D:1:      evilmike_arrival_home_sweet_home
D:2:      nicolae_qazlal_style_of_elements, uniq_crazy_yiuf_cottage, uniq_robin
D:3:      minmay_roachtagon, first_bread, st_stairs_8,
          nemelex_spade_bored_becter

Skill      XL: |  1  2  3  4  5 |
---------------+----------------+-----
Ice Magic      | 4 5 |  5.1
Summonings     | 1 2 |  2.0
Dodging        | |  1.5
Stealth        | |  2.1
Spellcasting   | |  2.0
Conjurations   | |  1.1

Action                   |  1- 3 |  4- 6 || total
-------------------------+-------+-------++-------
Melee: Unarmed           |     3 |       ||     3
       Mace              |    45 |    68 ||   113
       Dagger            |     1 |       ||     1
 Cast: Freeze            |    29 |    16 ||    45
       Throw Frost       |     2 |     6 ||     8
       Summon Ice Beast  |       |     2 ||     2
  Use: Scroll            |       |     6 ||     6
 Stab: Sleeping          |     1 |       ||     1
       Distracted        |       |     1 ||     1
  Eat: Chunk             |     1 |     5 ||     6
Armor: Robe              |    30 |    33 ||    63
Dodge: Dodged            |    64 |    46 ||   110
